cohdb
Replays
Latest Replays
All Replays
Popular Replays
Top Player Replays
Match Explorer
How It Works
Community
CoH3 Stats
Reddit
Sign in to upload your games and track your stats! →
Sign in with Steam
Match 45344536
Unlisted
Match 45344536
Overview
Messages
Build Orders
End
Pioneer Squad
Construct Infanterie Kompanie
Grenadier Squad
Grenadier Squad
Grenadier Squad
Selects Breakthrough Battlegroup
Selects Assault Grenadiers
Grenadier Squad
Construct Luftwaffe Kompanie
221 Scout Car
Medical Station
Jäger Squad
Jäger Squad
Support Elements
Wirbelwind Flakpanzer
Selects Rapid Production
MG 42 Machine Gun Team
Selects Blitzkrieg
Pioneer Squad
Selects Tiger Heavy Tank
Tiger Heavy Tank
Grenadier Squad
Selects Smoke Bombing Run
Selects Incendiary Bombing Run
Pioneer Squad
Grenadier Squad
Grand.G
Lordofbeast4
0
0
Comments
sign in to comment!
No comments posted yet!